 Dungeon Crawl Stone Soup version 0.28-a0-863-g8cecda6153 (webtiles) character file.

Game seed: 5870565552741904700

1045 ytrimaz the Skirmisher (level 8, -5/67 HPs)
             Began as a Formicid Fighter on Nov 17, 2021.
             Was an Initiate of Ru.
             Killed from afar by Dowan (15 damage)
             ... with a shard of ice
             ... on level 5 of the Dungeon.
             The game lasted 00:04:50 (5591 turns).

ytrimaz the Skirmisher (Formicid Fighter)           Turns: 5591, Time: 00:04:51

Health: -5/67      AC: 12    Str: 24    XL:     8   Next: 50%
Magic:  8/8        EV:  7    Int:  7    God:    Ru [......]
Gold:   229        SH:  0    Dex: 10    Spells: 7/7 levels left

rFire   . . .      SeeInvis +   a - +1 war axe
rCold   + . .      Faith    .   (no shield)
rNeg    . . .      Spirit   .   k - +0 plate armour
rPois   .          Reflect  .   (helmet unavailable)
rElec   .          Harm     .   (no cloak)
rCorr   .          Rampage  .   (no gloves)
Will    .....                   (no boots)
Stlth   ..........              (no amulet)
HPRegen 0.21/turn               h - ring of protection from cold
MPRegen 0.11/turn               m - ring of flight

@: flying, studying Fighting
A: permanent stasis, dig shafts and tunnels, antennae 3, four strong arms
a: Dig, Shaft Self, Renounce Religion


You were on level 5 of the Dungeon.
You worshipped Ru.
Ru was noncommittal.
You visited 2 branches of the dungeon, and saw 6 of its levels.

You collected 229 gold pieces.

Inventory:

Hand Weapons
 a - a +1 war axe (weapon)
Missiles
 s - 5 boomerangs
Armour
 c - a +0 buckler
 d - +0 steam dragon scales
 k - a +0 plate armour (worn)
 r - a +0 kite shield
Jewellery
 h - a ring of protection from cold (left hand)
 m - a ring of flight (right hand)
Scrolls
 b - 2 scrolls of magic mapping
 l - a scroll of enchant weapon
 p - a scroll of amnesia
Potions
 e - 2 potions of attraction
 f - 2 potions of flight
 g - a potion of lignification {unknown}
 i - 2 potions of haste {unknown}
 j - 3 potions of curing
 n - 2 potions of heal wounds {unknown}
 o - a potion of might
 q - a potion of resistance {unknown}


   Skills:
 * Level 7.3 Fighting
 + Level 6.4 Axes
 * Level 3.4 Throwing
 + Level 5.4 Armour
 - Level 3.6 Shields


You had 7 spell levels left.
You didn't know any spells.
Your spell library was empty.

Dungeon Overview and Level Annotations

Branches:
Dungeon (5/15)             Temple (1/1) D:4

Altars:
Ashenzari
Dithmenos
Elyvilon
Fedhas
Hepliaklqana
Kikubaaqudgha
Makhleb
Nemelex Xobeh
Okawaru
Qazlal
Ru
Sif Muna
Trog
Uskayaw
Vehumet
Wu Jian
Xom
Yredelemnul
Zin
The Shining One

Shops:
D:5 (

Annotations:
D:5 Dowan


Innate Abilities, Weirdness & Mutations

You cannot be hasted, slowed, berserked, paralysed or teleported.
You can dig through walls and to a lower floor.
You have a pair of large antennae on your head. (SInv)
Your four strong arms can wield two-handed weapons with a shield.


Message History

You closely miss Dowan. Dowan hits you but does no damage. x2
You hit Dowan.
Dowan is lightly wounded.
Dowan hits you but does no damage.
Dowan says, "Magic will overcome all!"
Dowan hits you but does no damage.
You closely miss Dowan.
Dowan is lightly wounded.
Dowan hits you but does no damage. Dowan casts a spell at you.
The stone arrow hits you.
You slash Dowan!
Dowan is severely wounded.
Dowan misses you.
You hit Dowan.
Dowan is severely wounded.
Dowan barely misses you.
Dowan mumbles some strange words.
Dowan blinks!
Dowan casts a spell.
Dowan blinks!
Things that are here:
a +0 short sword; a +0 ring mail You barely miss Dowan.
Dowan is severely wounded.
Dowan hits you but does no damage.
Dowan points at you and mumbles some strange words.
The stone arrow hits you.
* * * LOW HITPOINT WARNING * * *
You closely miss Dowan.
Dowan is severely wounded.
Dowan hits you but does no damage.
You closely miss Dowan.
Dowan is severely wounded.
Dowan gestures at you while chanting. The shard of ice hits you!
You partially resist.
* * * LOW HITPOINT WARNING * * *
Dowan points at you and mumbles some strange words.
The shard of ice hits you! You partially resist.
You die...

.........
....... #
..?.... .# .....
.##.. #...#
..... #...# ....
#.e.# .. #@# .#
#.# # .#### #
#.# .# .....
#.####.###.###
#####
#............#
#..#.........#
#............#
#..#.........##.
#..............


You could see Dowan (fast).

Vanquished Creatures
  A hornet (D:4)
  A steam dragon (D:4)
  Menkaure (D:5)
  Duvessa (D:5)
  A sky beast (D:5)
  An ogre (D:5)
  A scorpion (D:4)
  A hound (D:2)
  A centaur skeleton (D:4)
  Terence (D:3)
  An iguana (D:5)
  An orc wizard (D:3)
  A hound skeleton (D:4)
  4 adders
  An ufetubus (D:4)
  4 worms (D:2)
  5 dart slugs
  4 orcs
  4 ball pythons
  4 endoplasms
  3 giant cockroaches
  3 goblins (D:4)
  7 hobgoblins
  2 jackals (D:2)
  5 kobolds
  4 quokkas
  3 bats
  3 frilled lizards (D:1)
  8 rats
77 creatures vanquished.

Notes
Turn   | Place    | Note
-------+----------+-------------------------------------------
     0 | D:1      | ytrimaz the Formicid Fighter began the quest for the Orb.
     0 | D:1      | Reached XP level 1. HP: 18/18 MP: 1/1
   277 | D:1      | Found a faded altar of an unknown god.
   294 | D:1      | Reached XP level 2. HP: 16/24 MP: 2/2
   509 | D:1      | Reached XP level 3. HP: 29/29 MP: 3/3
  1210 | D:2      | Reached skill level 1 in Throwing
  1210 | D:2      | Reached XP level 4. HP: 4/37 MP: 4/4
  1807 | D:2      | Reached XP level 5. HP: 42/42 MP: 5/5
  2536 | D:3      | Noticed Terence
  2545 | D:3      | Killed Terence
  2908 | D:3      | Found a shimmering blue altar of Sif Muna.
  3423 | D:4      | Reached skill level 4 in Fighting
  3423 | D:4      | Reached XP level 6. HP: 39/48 MP: 6/6
  3645 | D:4      | Found a bloodstained altar of Trog.
  3695 | D:4      | You are sucked into a shaft and drop 1 floor!
  3695 | D:5      | Entered Level 5 of the Dungeon
  3913 | D:4      | Noticed a steam dragon
  3917 | D:4      | Killed a steam dragon
  3918 | D:4      | Reached skill level 5 in Fighting
  3918 | D:4      | Reached XP level 7. HP: 44/56 MP: 7/7
  3918 | D:4      | Noticed a hornet
  3929 | D:4      | Killed a hornet
  3930 | D:4      | Reached skill level 5 in Axes
  4118 | D:4      | Found a staircase to the Ecumenical Temple.
  4141 | Temple   | Entered the Ecumenical Temple
  4248 | Temple   | Became a worshipper of Ru the Awakened
  4296 | D:4      | Reached skill level 6 in Fighting
  4532 | D:4      | Reached skill level 5 in Armour
  4682 | D:5      | Found Feaclep's Weapon Shoppe.
  4801 | D:5      | Noticed Menkaure
  4807 | D:5      | Killed Menkaure
  4808 | D:5      | Reached XP level 8. HP: 30/65 MP: 8/8
  5331 | D:5      | Reached skill level 7 in Fighting
  5566 | D:5      | Noticed Duvessa
  5566 | D:5      | Noticed Dowan
  5582 | D:5      | Killed Duvessa
  5591 | D:5      | Killed from afar by Dowan

Illustrated notes

Levels and vault maps discovered:
D:1:      saegor_arrival_simple_d, layout_basic,
          dreamdust_ecumenical_altar_angels_and_demons
D:2:      layout_rooms
D:3:      layout_loops_corners, nicolae_overflow_hidden_temple, uniq_terence
D:4:      layout_loops_ring, mainiacjoe_overflow_small_starburst,
          minmay_temple_entry_glass, nicolae_underground_beach
D:5:      layout_loops_ring, serial_shops, nicolae_diamond_shop, uniq_menkaure,
          uniq_duvessa
Temple:   compressed_dpeg_circular_temple

Skill      XL: |  1  2  3  4  5  6  7  8 |
---------------+-------------------------+-----
Axes           | 3 4 5 6 |  6.4
Throwing       | 1 2 3 |  3.4
Armour         | 4 5 |  5.4
Fighting       | 4 5 6 7 |  7.3
Shields        | |  3.6

Action                   |  1- 3 |  4- 6 |  7- 9 || total
-------------------------+-------+-------+-------++-------
Melee: War axe           |   110 |   117 |    83 ||   310
  Use: Scroll            |     5 |     6 |       ||    11
       Potion            |       |     1 |       ||     1
Armor: Scale mail        |    49 |     3 |       ||    52
       Plate armour      |       |    83 |    27 ||   110
       Steam dragon scal |       |       |     7 ||     7
Dodge: Dodged            |    46 |    35 |    31 ||   112
Block: Buckler           |    25 |    30 |    13 ||    68

Table legend: (Time is in decaauts)
 A = Elapsed time spent in this place.
 B = Non-inter-level travel time spent in this place.
 C = Inter-level travel time spent in this place.
 D = Time resting spent in this place.
 E = Time spent auto-exploring this place.
 F = Levels seen in this place.
 G = Mean time per level.
                   A        B        C        D        E       F      G
               +--------+--------+--------+--------+--------+-----+--------+
         Total |   5686 |   5600 |     86 |   1002 |   3729 |   6 |  947.7 |
       Dungeon |   5554 |   5490 |     64 |   1002 |   3652 |   5 | 1110.8 |
        Temple |    131 |    109 |     22 |      0 |     77 |   1 |  131.0 |
               +--------+--------+--------+--------+--------+-----+--------+

Top non-repeatable levels by time:
     D:3: 1456 daAuts
     D:4: 1159 daAuts
     D:1: 1146 daAuts
     D:5: 923 daAuts
     D:2: 868 daAuts
  Temple: 131 daAuts
